 Dungeon Crawl Stone Soup version 0.21-a0-241-g2cbab09 (webtiles) character file.

1043 Gorice the Bolt Thrower (level 8, -1/62 HPs)
             Began as a Gnoll Arcane Marksman on Sept 2, 2017.
             Was a Follower of Okawaru.
             Slain by Sigmund
             ... wielding a +4 vampiric scythe
              (8 damage)
             ... on level 6 of the Dungeon on Sept 3, 2017.
             The game lasted 00:27:40 (6810 turns).

Gorice the Bolt Thrower (Gnoll Arcane Marksman)     Turns: 6810, Time: 00:27:41

Health: -1/62      AC: 17    Str:  7    XL:     8   Next: 25%
Magic:  10/10      EV:  0    Int:  7    God:    Okawaru [*.....]
Gold:   216        SH:  0    Dex:  7    Spells: 10/10 levels left

rFire    + . .     SeeInvis .   i - +0 battleaxe
rCold    . . .     Gourm    .   (shield currently unavailable)
rNeg     + . .     Faith    .   o - +0 plate armour
rPois    .         Spirit   .   (no helmet)
rElec    .         Reflect  .   s - +1 cloak
rCorr    .         Harm     .   d - +0 pair of gloves of Proximity {rN+}
MR       .....                  h - +0 pair of boots
Stlth    ..........             u - amulet of magic regeneration
HPRegen  0.20/turn              r - ring of protection from fire
MPRegen  0.37/turn              (no ring)

@: no status effects
A: unchanging attributes, fangs 1, strong nose
a: Heroism, Renounce Religion


You were on level 6 of the Dungeon.
You worshipped Okawaru.
Okawaru was aware of your devotion.
You were not hungry.

You visited 2 branches of the dungeon, and saw 7 of its levels.

You collected 216 gold pieces.

Inventory:

Hand Weapons
 a - a +0 hand crossbow
 b - a +0 rapier
 i - a +0 battleaxe (weapon)
 k - a +0 spear
 m - a +0 whip
Missiles
 p - 3 javelins (quivered)
 t - 3 tomahawks
 A - 2 bolts
 Z - 226 stones
Armour
 d - the +0 pair of gloves of Proximity (worn) {rN+}
   (You found it on level 5 of the Dungeon)

   It protects you from negative energy.
 e - a +0 robe
 h - a +0 pair of boots (worn)
 o - a +0 plate armour (worn)
 s - a +1 cloak (worn)
 C - a +4 ring mail
Jewellery
 r - a ring of protection from fire (left hand)
 u - an amulet of magic regeneration (around neck)
Wands
 w - a wand of confusion (5/48)
 E - a wand of flame (3/48)
Scrolls
 g - a scroll of fear {unknown}
 n - 3 scrolls of remove curse
 x - a scroll of amnesia
 y - 6 scrolls of teleportation {!r}
 z - a scroll of magic mapping {unknown}
 B - 2 scrolls of identify
Potions
 j - a potion of haste {!q}
 l - 4 potions of heal wounds {!q}
 v - a potion of might {!q}
 D - a potion of curing
Books
 c - a book of Debilitation
Comestibles
 f - 3 bread rations {!e}
 q - a meat ration {!e}


   Skills:
 + Level 5.2 Fighting
 + Level 4.9 Short Blades
 - Level 7.5 Crossbows
 + Level 6.5 Armour
 - Level 2.6 Dodging
 - Level 1.5 Spellcasting
   Level 4.0 Hexes


You had 10 spell levels left.
You didn't know any spells.

Dungeon Overview and Level Annotations

Branches:
Dungeon (6/15)             Temple (1/1) D:5

Altars:
Ashenzari
Cheibriados
Dithmenos
Elyvilon
Fedhas
Gozag
Hepliaklqana
Kikubaaqudgha
Makhleb
Nemelex Xobeh
Okawaru
Qazlal
Ru
Sif Muna
Trog
Uskayaw
Vehumet
Wu Jian
Xom
Yredelemnul
Zin
The Shining One

Annotations:
D:3 exclusion: door
D:6 Sigmund


Innate Abilities, Weirdness & Mutations

Your physical attributes are unchanging.
You have very sharp teeth.
Your uncanny sense of smell can sniff out nearby items.


Message History

You hear some strange, mumbled words.
A puff of flame appears from out of thin air!
The puff of flame hits you!
You miss something. Your bite misses something.
Something hits you but does no damage.
You miss something.
Something hits you but does no damage. x2
Evoke which item? (* to show all) (? for menu, Esc to quit)
Aiming: Confuse (will waste charges)
Press: ? - help, Shift-Dir - straight line Nothing appears to happen.
Evoking this partially-identified wand wasted a few charges.
Your plate armour prevents you from hitting something.
Something shouts, "What's happening?!"
You closely miss something. You hit something.
Something says, "Why is everything spinning?"
Something hits you.
* * * LOW HITPOINT WARNING * * *
Damage: 5 (max 5)
You closely miss something. Something hits you but does no damage.
Your plate armour prevents you from hitting something.
Something hits you.
* * * LOW HITPOINT WARNING * * *
Damage: 2 (max 5)
You closely miss something.
Sigmund appears from thin air!
Reactivating autopickup.
Sigmund hits you but does no damage. x2
Your plate armour prevents you from hitting Sigmund.
Sigmund is moderately wounded.
Sigmund hits you but does no damage.
You slash Sigmund!
Sigmund is heavily wounded.
Sigmund hits you with a vampiric scythe.
* * * LOW HITPOINT WARNING * * *
Sigmund draws strength from your wounds!
Damage: 4 (max 5)
Your plate armour prevents you from hitting Sigmund.
Sigmund is heavily wounded.
Sigmund hits you with a vampiric scythe.
* * * LOW HITPOINT WARNING * * *
Damage: 4 (max 5)
Your plate armour prevents you from hitting Sigmund.
Sigmund is heavily wounded.
Sigmund hits you with a vampiric scythe.
* * * LOW HITPOINT WARNING * * *
Damage: 1 (max 5)
You closely miss Sigmund.
Sigmund is heavily wounded.
Sigmund hits you with a vampiric scythe!
You die...

.... ...... .. #.#
##.# #.# #@># #.#
#.####.####.#
..........##.#
####.##.#.##@# #
#..#.##@#
...##....## ∆ ..##
####..# ..#.
####..######### # .
###.............# .
..................#
∆
..########...).<..#
#........#
#........#


You could see Sigmund.

Vanquished Creatures
  Duvessa (D:5)
  A sky beast (D:5)
  2 centaurs
  Blork the orc (D:4)
  Dowan (D:5)
  2 scorpions
  An orc wizard (D:3)
  A hound (D:5)
  A jelly (D:6)
  2 bullfrog skeletons (D:5)
  5 worker ants
  4 gnolls (D:2)
  8 adders
  2 worms (D:2)
  A dart slug (D:1)
  5 leopard geckos
  5 orcs
  2 ball pythons (D:3)
  6 giant cockroaches
  4 goblins
  6 hobgoblins
  9 jackals
  A quokka (D:4)
  7 bats
  7 frilled lizards
  5 kobolds
  A quokka skeleton (D:4)
  9 rats
100 creatures vanquished.

Notes
Turn   | Place    | Note
-------+----------+-------------------------------------------
     0 | D:1      | Gorice the Gnoll Arcane Marksman began the quest for the Orb.
     0 | D:1      | Reached XP level 1. HP: 15/15 MP: 3/3
   113 | D:1      | Reached skill level 3 in Crossbows
   218 | D:1      | Reached skill level 1 in Armour
   218 | D:1      | Reached XP level 2. HP: 21/21 MP: 4/4
   618 | D:1      | Reached skill level 4 in Crossbows
   733 | D:1      | Reached XP level 3. HP: 25/26 MP: 5/5
  1306 | D:2      | Reached skill level 2 in Armour
  1314 | D:2      | Reached XP level 4. HP: 26/32 MP: 6/6
  1317 | D:2      | Reached skill level 5 in Crossbows
  1644 | D:2      | Found an ornate altar of the Wu Jian Council.
  1812 | D:3      | Found a deep blue altar of Sif Muna.
  1896 | D:3      | Reached skill level 3 in Armour
  1896 | D:3      | Reached XP level 5. HP: 24/37 MP: 7/7
  2046 | D:3      | Reached skill level 6 in Crossbows
  2946 | D:4      | Reached XP level 6. HP: 43/43 MP: 8/8
  3104 | D:4      | HP: 12/43 [scorpion (1)]
  3105 | D:4      | HP: 5/43 [scorpion (5)]
  3112 | D:4      | Reached skill level 7 in Crossbows
  3112 | D:4      | Reached skill level 4 in Armour
  3453 | D:4      | HP: 12/43 [poisoned by a worker ant]
  3458 | D:4      | HP: 11/43 [poisoned by a worker ant]
  3465 | D:4      | HP: 10/43 [poisoned by a worker ant]
  3473 | D:4      | HP: 9/43 [poisoned by a worker ant]
  3881 | D:4      | Found an ancient bone altar of Kikubaaqudgha.
  4074 | D:4      | Noticed a phantom
  4658 | D:5      | Entered Level 5 of the Dungeon
  4658 | D:5      | Noticed Blork the orc
  4687 | D:4      | Killed Blork the orc
  4687 | D:4      | Reached skill level 2 in Fighting
  4687 | D:4      | Reached skill level 1 in Short Blades
  4912 | D:5      | Found an opulent altar of Gozag.
  4918 | D:5      | Found a bloodstained altar of Trog.
  4935 | D:5      | Found a staircase to the Ecumenical Temple.
  4944 | Temple   | Entered the Ecumenical Temple
  4949 | Temple   | Became a worshipper of Warmaster Okawaru
  4983 | Temple   | HP: 10/46 [centaur (5)]
  4996 | Temple   | HP: 8/69 [centaur (6)]
  5000 | Temple   | Reached skill level 3 in Fighting
  5000 | Temple   | Reached skill level 2 in Short Blades
  5000 | Temple   | Reached XP level 7. HP: 10/52 MP: 9/9
  5281 | D:5      | Reached skill level 5 in Armour
  5290 | D:5      | Got a pair of scorched gloves
  5296 | D:5      | Identified the +0 pair of gloves of Proximity {rN+} (You found it on level 5 of the Dungeon)
  5307 | D:5      | Found a basalt altar of Yredelemnul.
  5395 | D:5      | HP: 13/52 [centaur (3)]
  5397 | D:5      | Reached skill level 3 in Short Blades
  5400 | D:5      | HP: 10/53 [hound (1)]
  5405 | D:5      | HP: 7/53 [hound (4)]
  5415 | D:5      | Reached * piety under Okawaru
  5415 | D:5      | Reached skill level 4 in Fighting
  5715 | D:5      | Found a hazy altar of Hepliaklqana.
  5724 | D:5      | Found a blossoming altar of Fedhas.
  6213 | D:5      | Noticed Duvessa
  6231 | D:5      | Killed Duvessa
  6231 | D:5      | Reached skill level 4 in Short Blades
  6231 | D:5      | Reached skill level 6 in Armour
  6231 | D:5      | Reached XP level 8. HP: 37/61 MP: 10/10
  6232 | D:5      | Noticed Dowan
  6258 | D:5      | Killed Dowan
  6360 | D:5      | Upgraded the game from 0.21-a0-238-geb0acef to 0.21-a0-241-g2cbab09
  6416 | D:5      | HP: 16/61 [something (5)]
  6435 | D:5      | Reached skill level 5 in Fighting
  6456 | D:5      | HP: 15/62 [crimson imp (1)]
  6467 | D:6      | HP: 12/62 [acid (5)]
  6730 | D:6      | Noticed Sigmund
  6802 | D:6      | HP: 17/62 [something (5)]
  6807 | D:6      | HP: 11/62 [Sigmund/vampiric scythe (5)]
  6810 | D:6      | Slain by Sigmund

Vault maps used:
D:1:      dpeg_arrival_rooms_a
D:2:      marbit_many_paths
D:3:      first_bread, st_stairs_3, led_sif_book
D:4:      kiku_gazebo_pond_becter
D:5:      nicolae_overflow_quartered_altars, nicolae_overflow_crystal_walls,
          minmay_temple_entry_statues_pillars, roderic_cross_of_infinity,
          uniq_blork_the_orc, uniq_duvessa
D:6:      uniq_sigmund, uniq_grinder
Temple:   minmay_freezing_vapour_temple

Skill      XL: |  1  2  3  4  5  6  7  8 |
---------------+-------------------------+-----
Crossbows      | 3 4 5 6 7 |  7.5
Armour         | 1 2 3 4 6 |  6.5
Fighting       | 3 4 5 |  5.2
Short Blades   | 2 4 |  4.9
Dodging        | |  2.6
Spellcasting   | |  1.5
Hexes          | |  4.0

Action                   |  1- 3 |  4- 6 |  7- 9 || total
-------------------------+-------+-------+-------++-------
Melee: Short sword       |       |   120 |       ||   120
       Bite              |       |     8 |     4 ||    12
       Rapier            |       |    75 |   204 ||   279
       Battleaxe         |       |       |    26 ||    26
 Fire: Hand crossbow     |   146 |   149 |     2 ||   297
Throw: Javelin           |       |     4 |     5 ||     9
Evoke: Wand              |       |     3 |    15 ||    18
  Use: Scroll            |     5 |     7 |       ||    12
       Potion            |       |     5 |     2 ||     7
 Stab: Confused          |       |     1 |       ||     1
  Eat: Chunk             |     1 |    12 |     1 ||    14
       Meat ration       |       |       |     1 ||     1
Armor: Plate armour      |   100 |   271 |   207 ||   578
       Skin              |       |    35 |       ||    35
Dodge: Dodged            |     1 |    18 |     9 ||    28

Table legend:
 A = Spawn XP
 B = Non-spawn XP
 C = Spawn XP percentage of total XP
 D = Spawn monster count
 E = Non-spawn monster count
 F = Spawn count percentage of total count
 G = Total turns spent on level
                    A         B        C        D         E        F      G
               +---------+---------+-------+---------+---------+-------+---------
         Total |     162 |    1329 |  10.9 |      14 |      86 |  14.0 |  6810
               +---------+---------+-------+---------+---------+-------+---------
           D:1 |       3 |      34 |   8.1 |       2 |      19 |   9.5 |   967
           D:2 |       0 |      86 |   0.0 |       0 |      17 |   0.0 |   753
           D:3 |      21 |     129 |  14.0 |       6 |      23 |  20.7 |  1115
           D:4 |       3 |     315 |   0.9 |       2 |      14 |  12.5 |  2061
           D:5 |     135 |     608 |  18.2 |       4 |      11 |  26.7 |  1252
           D:6 |       0 |      42 |   0.0 |       0 |       1 |   0.0 |   346
        Temple |       0 |     115 |   0.0 |       0 |       1 |   0.0 |   316
               +---------+---------+-------+---------+---------+-------+---------

Table legend:
 A = Turns spent in this place as a percentage of turns spent in the entire game.
 B = Non-inter-level travel turns spent in this place as a percentage of non-inter-level travel turns spent in the entire game.
 C = Inter-level travel turns spent in this place as a percentage of turns spent in this place.
 D = Turns resting spent in this place as a percentage of non-inter-level travel turns spent in this place.
 E = Turns spent auto-exploring this place as a percentage of non-inter-level travel turns spent in this place.
 F = Non-inter-level travel turns spent in this place divided by the number of levels of this place that you've seen.
                   A       B       C       D       E      F
               +-------+-------+-------+-------+-------+----------------------
         Total | 100.0 | 100.0 |   2.3 |  34.2 |  29.1 | 950.3
       Dungeon |  95.4 |  95.2 |   2.4 |  31.8 |  30.5 | 1056.0
        Temple |   4.6 |   4.8 |   0.0 |  83.9 |   0.0 | 316.0
               +-------+-------+-------+-------+-------+----------------------

Vault maps used:
D:1:      dpeg_arrival_rooms_a
D:2:      marbit_many_paths
D:3:      first_bread, st_stairs_3, led_sif_book
D:4:      kiku_gazebo_pond_becter
D:5:      nicolae_overflow_quartered_altars, nicolae_overflow_crystal_walls,
          minmay_temple_entry_statues_pillars, roderic_cross_of_infinity,
          uniq_blork_the_orc, uniq_duvessa
D:6:      uniq_sigmund, uniq_grinder
Temple:   minmay_freezing_vapour_temple
